 Dungeon Crawl Stone Soup version bcrawl-1.31.4 (webtiles) character file.

Game seed: 15967555076031147326

117044 Morbidden the Conjurer (level 3, 0/20 HPs)
             Began as a Skeleton Conjurer on May 28, 2021.
             Slain by a leopard gecko (2 damage)
             ... on level 2 of the Dungeon.
             The game lasted 00:01:51 (1329 turns).

Morbidden the Conjurer (Skeleton Conjurer)          Turns: 1329, Time: 00:01:52

Health: 0/20       AC:  2    Str: 13 (14) XL:     3   Next: 44%
Magic:  0/7        EV: 12    Int: 14      God:
Gold:   98         SH:  0    Dex:  8 (9)  Spells: 5/8 levels left

rFire    . . .     SeeInvis .   a - +4 dagger
rCold    + . .     Gourm    .   (no shield)
rNeg     + + +     Faith    .   c - +0 robe
rPois    ∞         Spirit   +   (no helmet)
rElec    .         Reflect  .   (no cloak)
rCorr    .         Harm     .   (no gloves)
MR       .....                  (no boots)
Stlth    ++........             (no amulet)
HPRegen  0.06/turn              (no ring)
MPRegen  0.10/turn              (no ring)

@: no status effects
A: no food or potions, cold resistance 1, deterioration 1, negative energy
resistance 3, torment resistance, unbreathing, magic shield, sturdy frame 1,
spell healing
a: no special abilities


You were on level 2 of the Dungeon.
You were not hungry.

You visited 1 branch of the dungeon, and saw 2 of its levels.

You collected 98 gold pieces.

Inventory:

Hand Weapons
 a - a +4 dagger (weapon)
 b - a +0 dagger of draining
Armour
 c - a +0 robe (worn)
Scrolls
 i - 2 scrolls of identify


   Skills:
 * Level 0.7 Fighting
 + Level 0.7 Short Blades
 * Level 2.2 Dodging
 + Level 2.6 Stealth
 * Level 3.3 Spellcasting
 * Level 5.7 Conjurations


You had 5 spell levels left.
You knew the following spells:

 Your Spells              Type           Power        Failure   Level  Hunger
a - Magic Dart            Conj           ###.         1%          1    N/A
b - Searing Ray           Conj           ###.....     3%          2    N/A

Your spell library contained the following spells:

 Spells                   Type           Power        Failure   Level  Hunger
 Iskenderun's Mystic Bla  Conj           ###.....     6%          3    N/A
 Fulminant Prism          Conj/Hex       ##........   54%         4    N/A
 Irradiate                Conj/Tmut      ##........   87%         5    N/A

Dungeon Overview and Level Annotations

Branches:
Dungeon (2/12)

Altars:
Sif Muna


Innate Abilities, Weirdness & Mutations

You do not eat or drink.
You are immune to poison.
Your flesh is cold resistant. (rC+)
Your body sometimes deteriorates upon taking damage.
You are immune to negative energy. (rN+++)
You are immune to unholy pain and torment.
You can survive without breathing.
When hurt, damage is shared between your health and your magic reserves.
Your movements are slightly less encumbered by armour. (ER -2)
Casting spells heals you.


Message History

The worker ant bites you!
* * * LOW HITPOINT WARNING * * *
The leopard gecko hisses menacingly.
You hear a grinding noise.
The giant cockroach waves its antennae.
You hear a grinding noise.
The hobgoblin barely misses you.
The worker ant waves its antennae.
You hear a grinding noise.
You hear a grinding noise.
You hear a grinding noise.
The howler monkey hoots and howls with incredible vigour!
The worker ant closely misses you.
Okay, then.
You hear a grinding noise.
The worker ant misses you.
You see here 82 stones.
The howler monkey hoots and howls with incredible vigour!
The leopard gecko bites you.
You die...

..# #......†...... ..#
#............ #. ##.. #.##
#............ ####.###.. #..#
#............ #.#........# #..#
#..≈§≈°≈.....
#.#.....<..####..###..≈≈≈○§.....
##.#........#.......†#..._§≈.....
)...........#.....!..#.≈≈≈≈≈.....
............#...@l(..#.≈≈≈≈≈.##s.
.................a...#...sg..##..
............#.......ss#####..##..
........#####.......†.h...h......
.......## #........#######...##
.##...## ########## ### #####


You could see a howler monkey, a worker ant, a leopard gecko and 2 giant
cockroaches.

Vanquished Creatures
  3 leopard geckos
  6 bats (D:1)
  4 giant cockroaches
  4 goblins (D:1)
  6 hobgoblins
  2 jackals (D:1)
  A quokka (D:2)
  A ball python (D:1)
  3 frilled lizards
  4 kobolds
  4 rats
38 creatures vanquished.

Notes
Turn   | Place    | Note
-------+----------+-------------------------------------------
     0 | D:1      | Morbidden the Skeleton Conjurer began the quest for the
                  | Orb.
     0 | D:1      | Reached XP level 1. HP: 10/10 MP: 4/4
    79 | D:1      | Reached skill level 5 in Conjurations
   201 | D:1      | Reached XP level 2. HP: 10/15 MP: 4/6
   204 | D:1      | Learned a level 2 spell: Searing Ray
   652 | D:1      | Reached XP level 3. HP: 20/20 MP: 1/7
  1143 | D:2      | Found a shimmering blue altar of Sif Muna.
  1313 | D:2      | HP: 1/20 [worker ant (7)]
  1329 | D:2      | Slain by a leopard gecko

Skill      XL: |  1 |
---------------+----+-----
Conjurations   | 5 |  5.7
Fighting       | |  0.7
Short Blades   | |  0.7
Dodging        | |  2.2
Stealth        | |  2.6
Spellcasting   | |  3.3

Action                   || total
-------------------------++-------
Melee: Dagger            ||    70
 Cast: Magic Dart        ||    26
       Searing Ray       ||     4
 Stab: Sleeping          ||     2
Armor: Robe              ||    18
Dodge: Dodged            ||    71
